 Dungeon Crawl Stone Soup version 0.20.1-1-g8b1a95d (webtiles) character file.

3999 gungr the Martial Artist (level 10, -10/68 HPs)
             Began as an Octopode Transmuter on Oct 25, 2017.
             Was a Follower of Okawaru.
             Mangled by an orc warrior
             ... wielding a +0 glaive
              (16 damage)
             ... on level 8 of the Dungeon.
             The game lasted 00:29:25 (8384 turns).

gungr the Martial Artist (Octopode Transmuter)      Turns: 8384, Time: 00:29:26

Health: -10/68     AC:  4    Str: 10    XL:     10   Next: 23%
Magic:  27/27      EV: 16    Int: 19    God:    Okawaru [*.....]
Gold:   246        SH:  0    Dex: 14    Spells: 15/19 levels left

rFire    x . .     SeeInvis .     - Unarmed
rCold    + + .     Gourm    .   (no shield)
rNeg     + . .     Faith    .   (helmet restricted)
rPois    .         Spirit   .   (no amulet)
rElec    .         Reflect  .   s - ring of ice
rCorr    .         Harm     .   y - ring of magical power
MR       .....     NoTele   +   z - +3 ring of protection
Stlth    ++........             j - ring of Gluttony {-Tele rC+ rN+ Dex+2}
Regen    0.3/turn               (no ring)
MPRegen  0.2/turn               (no ring)
                                (no ring)
                                (no ring)

@: lethally poisoned (-10 -> -13)
A: almost no armour, stealthy swim, amphibious, 8 rings, constrict 8, camouflage
1, gelatinous body 1
a: Heroism, Renounce Religion


You were on level 8 of the Dungeon.
You worshipped Okawaru.
Okawaru was aware of your devotion.
You were not hungry.

You visited 2 branches of the dungeon, and saw 9 of its levels.

You collected 400 gold pieces.
You spent 154 gold pieces at shops.

Inventory:

Missiles
 a - 233 arrows
Magical Staves
 D - an uncursed staff of power {unknown}
Jewellery
 j - the ring of Gluttony (on tentacle) {-Tele rC+ rN+ Dex+2}
   (You found it on level 7 of the Dungeon)

   [ring of protection from cold]

   It affects your dexterity (+2).
   It protects you from cold.
   It protects you from negative energy.
   It prevents most forms of teleportation.
 s - a ring of ice (left tentacle)
 y - a ring of magical power (right tentacle)
 z - a +3 ring of protection (on tentacle)
Wands
 E - a wand of random effects (33/48)
 G - a wand of flame (33/48)
 H - a wand of disintegration (9/24)
 K - a wand of confusion (18/48)
 M - a wand of flame (14/48)
Scrolls
 d - a scroll of noise
 f - a scroll of enchant armour
 l - 2 scrolls of fear
 m - 4 scrolls of teleportation
 p - 4 scrolls of remove curse
 u - a scroll of immolation
 v - a scroll of blinking {unknown}
 F - a scroll of summoning {unknown}
 I - a scroll of vulnerability {unknown}
 L - a scroll of recharging {unknown}
 N - a scroll of amnesia {unknown}
Potions
 c - a potion of invisibility {unknown}
 e - a potion of ambrosia {unknown}
 g - a potion of might {unknown}
 h - 2 potions of brilliance {unknown}
 k - 4 potions of agility
 o - a potion of degeneration {unknown}
 q - 2 potions of haste {unknown}
 w - 2 potions of cancellation {unknown}
 x - 2 potions of lignification {unknown}
 B - 3 potions of resistance
Books
 b - a book of Changes

   Spells                             Type                      Level
   a - Beastly Appendage              Transmutation                1
   b - Sticks to Snakes               Transmutation                2
   c - Spider Form                    Transmutation/Poison         3
   d - Ice Form                       Ice/Transmutation            4
   e - Blade Hands                    Transmutation                5
 t - Sif Muna's Volume of Augmentations
   (You found it on level 3 of the Dungeon)

   Spells                             Type                      Level
   a - Infusion                       Charms                       1
 A - a book of Flames

   Spells                             Type                      Level
   a - Flame Tongue                   Conjuration/Fire             1
   b - Throw Flame                    Conjuration/Fire             2
   c - Conjure Flame                  Conjuration/Fire             3
   d - Inner Flame                    Hexes/Fire                   3
   e - Sticky Flame                   Conjuration/Fire             4
   f - Fireball                       Conjuration/Fire             5
 O - a book of Cantrips

   Spells                             Type                      Level
   a - Confusing Touch                Hexes                        1
   b - Animate Skeleton               Necromancy                   1
   c - Summon Small Mammal            Summoning                    1
   d - Apportation                    Translocation                1
Comestibles
 i - 4 meat rations
 n - 3 fruits
 r - 4 royal jellies
 C - 4 bread rations


   Skills:
 + Level 5.6 Fighting
 + Level 6.0 Dodging
 * Level 9.7 Unarmed Combat
 + Level 5.3 Spellcasting
 + Level 5.7 Transmutations


You had 15 spell levels left.
You knew the following spells:

 Your Spells              Type           Power        Failure   Level  Hunger
a - Beastly Appendage     Tmut           ####..       1%          1    None
b - Spider Form           Tmut/Pois      ###.......   11%         3    ##.....


Dungeon Overview and Level Annotations

Branches:
Dungeon (8/15)             Temple (1/1) D:6
   Lair: D:8-11

Altars:
Ashenzari
Cheibriados
Dithmenos
Elyvilon
Fedhas
Gozag
Hepliaklqana
Kikubaaqudgha
Makhleb
Nemelex Xobeh
Okawaru
Qazlal
Ru
Sif Muna
Trog
Uskayaw
Vehumet
Xom
Yredelemnul
Zin
The Shining One

Shops:
D:4 !   D:5 [=[[:

Annotations:
D:3 esteth's ghost, amateur OpTm


Innate Abilities, Weirdness & Mutations

You cannot wear most types of armour.
You are very stealthy in the water. (Stealth+)
You are amphibious.
You can wear up to eight rings at the same time.
You can use your tentacles to constrict eight enemies at once.
Your skin changes colour to match your surroundings (Stealth+).
Your rubbery body absorbs attacks. (AC +1, EV +1)


Message History

Okawaru accepts your kill. The soldier ant stings you!
* * * LOW HITPOINT WARNING * * *
Okay, then.
Okay, then.
Press | or perform an action to restore all view layers.
Restoring view layers.
You feel sick.
You feel sick.
You feel sick.
Items here: ))) [[ ††† You feel sick.
An orc warrior comes into view. It is wielding a glaive.
The orc warrior shouts!
You feel sick.
You feel sick.
You feel sick.
You feel sick.
The orc warrior hits you from afar with a glaive!
You die...

. ### ...
....###########...
............<.......
...........)........
...........[........
#.........))[.......
#..................
#........@........
##....o..........
##.....a........
##.............
##............ .
##........... ...
#.#######...
.....#)##.#.# ###
..........#.#


You could see a soldier ant and an orc warrior.

Vanquished Creatures
  A two-headed ogre (D:5)
  The ghost of Ymberto the Magician, a novice DEFE (D:5)
  2 hornets (D:8)
  A hippogriff (D:7)
  Eustachio (D:6)
  A hungry ghost (D:7)
  A phantom (D:4)
  3 orc warriors
  A centaur (D:5)
  A necrophage (D:7)
  3 ogres
  Blork the orc (D:5)
  5 wights (D:6)
  4 howler monkeys
  2 crimson imps (D:5)
  A centaur zombie (D:7)
  A hound (D:4)
  7 orc priests
  A jelly (D:6)
  A bullfrog skeleton (D:7)
  An iguana (D:5)
  8 orc wizards
  8 worker ants
  A hound zombie (D:7)
  5 adders
  7 gnolls
  An ooze (D:3)
  2 adder zombies (D:6)
  3 worms
  4 dart slugs
  3 leopard geckos
  18 orcs
  17 bats
  3 giant cockroaches
  9 goblins
  11 hobgoblins
  7 jackals
  9 kobolds
  5 quokkas
  2 ball pythons (D:1)
  3 frilled lizards
  A giant cockroach zombie (D:6)
  2 jackal skeletons
  8 rats
177 creatures vanquished.

Notes
Turn   | Place    | Note
-------+----------+-------------------------------------------
     0 | D:1      | gungr the Octopode Transmuter began the quest for the Orb.
     0 | D:1      | Reached XP level 1. HP: 13/13 MP: 3/3
   236 | D:1      | Reached XP level 2. HP: 13/18 MP: 5/5
   808 | D:2      | Reached skill level 4 in Unarmed Combat
   830 | D:2      | Reached XP level 3. HP: 23/23 MP: 6/6
   836 | D:2      | Found a stormy altar of Qazlal.
   838 | D:2      | Noticed an earth elemental
   839 | D:2      | Noticed a water elemental
   839 | D:2      | Noticed an air elemental
   839 | D:2      | Noticed a fire elemental
   982 | D:2      | Found a white marble altar of Elyvilon.
  1356 | D:2      | Reached XP level 4. HP: 23/28 MP: 7/7
  1474 | D:3      | Reached skill level 5 in Unarmed Combat
  1975 | D:3      | Reached XP level 5. HP: 17/33 MP: 8/8
  2371 | D:3      | Noticed esteth's ghost (amateur OpTm)
  2591 | D:3      | Found a deep blue altar of Sif Muna.
  2616 | D:3      | Reached XP level 6. HP: 31/38 MP: 9/9
  2617 | D:3      | Identified Sif Muna's Volume of Augmentations
  2624 | D:3      | Learned a level 3 spell: Spider Form
  3284 | D:4      | Found a shattered altar of Ashenzari.
  3284 | D:4      | Found a basalt altar of Yredelemnul.
  3368 | D:4      | Reached skill level 6 in Unarmed Combat
  3395 | D:4      | Noticed a phantom
  3468 | D:4      | Killed a phantom
  3653 | D:4      | Reached XP level 7. HP: 34/45 MP: 10/10
  3787 | D:4      | Found Peutan's Distillery.
  3914 | D:4      | Bought a potion of heal wounds for 70 gold pieces
  3914 | D:4      | Bought a potion of curing for 42 gold pieces
  3914 | D:4      | Bought a potion of curing for 42 gold pieces
  4960 | D:5      | Entered Level 5 of the Dungeon
  4985 | D:5      | Noticed a two-headed ogre
  5002 | D:5      | Killed a two-headed ogre
  5002 | D:5      | Reached skill level 7 in Unarmed Combat
  5002 | D:5      | Reached XP level 8. HP: 40/54 MP: 9/13
  5377 | D:5      | Found Cuptid's Armour Shop.
  5381 | D:5      | Noticed Blork the orc
  5394 | D:5      | Found Nyunij's Antique Armour Emporium.
  5415 | D:5      | Found Hijuokh's Jewellery Shoppe.
  5709 | D:5      | Found Fodghy's Book Shoppe.
  5726 | D:5      | Reached skill level 8 in Unarmed Combat
  5735 | D:5      | Noticed Ymberto's ghost (novice DEFE)
  5785 | D:4      | Reached XP level 9. HP: 38/58 MP: 15/15
  5931 | D:5      | Killed Ymberto's ghost
  6072 | D:5      | Killed Blork the orc
  6278 | D:5      | Found Noemavom's Armour Shop.
  6487 | D:6      | Reached skill level 5 in Dodging
  6498 | D:6      | Noticed Eustachio
  6548 | D:6      | Reached skill level 5 in Transmutations
  6589 | D:6      | Killed Eustachio
  6789 | D:6      | Found a staircase to the Ecumenical Temple.
  6798 | Temple   | Entered the Ecumenical Temple
  6988 | Temple   | Became a worshipper of Warmaster Okawaru
  7243 | D:7      | Reached skill level 5 in Fighting
  7294 | D:7      | Found a radiant altar of Vehumet.
  7312 | D:7      | Reached skill level 9 in Unarmed Combat
  7570 | D:7      | Got a coiled granite ring
  7571 | D:7      | Identified the ring of Gluttony {-Tele rC+ rN+ Dex+2} (You found it on level 7 of the Dungeon)
  7771 | D:7      | Reached skill level 5 in Spellcasting
  7771 | D:7      | Reached XP level 10. HP: 64/65 MP: 17/17
  7816 | D:7      | Reached * piety under Okawaru
  8384 | D:8      | Mangled by an orc warrior

Skill      XL: |  1  2  3  4  5  6  7  8  9 10 |
---------------+-------------------------------+-----
Unarmed Combat | 4 5 6 7 8 9 |  9.7
Fighting       | 2 3 4 5 |  5.6
Dodging        | 3 4 5 6 |  6.0
Transmutations | 3 4 5 |  5.7
Spellcasting   | 3 4 5 |  5.3

Action                   |  1- 3 |  4- 6 |  7- 9 | 10-12 || total
-------------------------+-------+-------+-------+-------++-------
Melee: Unarmed           |    93 |   132 |   320 |    45 ||   590
       Constrict         |    19 |    28 |    20 |     4 ||    71
       Tentacles         |    15 |    17 |    23 |     4 ||    59
       Punch             |     2 |     8 |     5 |       ||    15
       Kick              |       |    10 |    11 |       ||    21
 Cast: Beastly Appendage |       |     5 |     5 |       ||    10
       Spider Form       |       |       |    21 |     3 ||    24
  Use: Potion            |       |     2 |     6 |     1 ||     9
       Scroll            |       |       |    11 |       ||    11
 Stab: Sleeping          |     7 |     6 |     2 |       ||    15
       Distracted        |     1 |       |       |       ||     1
  Eat: Bread ration      |     1 |     1 |     2 |       ||     4
       Fruit             |       |       |     4 |       ||     4
       Meat ration       |       |       |     1 |     1 ||     2
Armor: Skin              |     9 |     5 |    26 |     2 ||    42
Dodge: Dodged            |    53 |    66 |   236 |    38 ||   393
